 Dungeon Crawl Stone Soup version 0.27-a0-1105-g946c659c87 (webtiles) character file.

Game seed: 16935771880794668699

98 kae the Skirmisher (level 5, 0/42 HPs)
             Began as a Formicid Abyssal Knight on Apr 29, 2021.
             Was a Believer of Lugonu.
             Succumbed to an orc wizard's poison
             ... on level 3 of the Dungeon.
             The game lasted 00:01:20 (2106 turns).

kae the Skirmisher (Formicid Abyssal Knight)        Turns: 2106, Time: 00:01:21

Health: 0/42       AC:  3    Str: 17    XL:     5   Next: 1%
Magic:  7/7        EV: 11    Int: 12    God:    Lugonu [**....]
Gold:   76         SH:  0    Dex: 10    Spells: 4/4 levels left

rFire    . . .     SeeInvis +   a - +1 falchion
rCold    . . .     Faith    .   (no shield)
rNeg     . . .     Spirit   .   b - +0 leather armour
rPois    .         Reflect  .   (helmet unavailable)
rElec    .         Harm     .   (no cloak)
rCorr    +         Rampage  .   (no gloves)
Will     .....                  (no boots)
Stlth    +.........             f - amulet of regeneration
HPRegen  1.14/turn              g - ring of resist corrosion
MPRegen  0.10/turn              (no ring)

@: lethally poisoned (0 -> -5)
A: permanent stasis, dig shafts and tunnels, antennae 3, four strong arms
a: Dig, Shaft Self, Renounce Religion, Depart the Abyss, Bend Space


You were on level 3 of the Dungeon.
You worshipped Lugonu.
Lugonu was pleased with you.
You visited 1 branch of the dungeon, and saw 3 of its levels.
You visited the Abyss 1 time.

You collected 76 gold pieces.

Inventory:

Hand Weapons
 a - a +1 falchion (weapon)
Armour
 b - a +0 leather armour (worn)
Jewellery
 f - an amulet of regeneration (around neck)
 g - a ring of resist corrosion (left hand)
Scrolls
 d - a scroll of holy word
Potions
 e - a potion of degeneration
 h - a potion of cancellation
 i - a potion of haste
 j - a potion of flight
 k - a potion of invisibility {unknown}


   Skills:
 + Level 3.8 Fighting
 * Level 3.1 Long Blades
 + Level 2.9 Armour
 + Level 1.7 Dodging
 + Level 3.0 Invocations


You had 4 spell levels left.
You didn't know any spells.
Your spell library contained the following spells:

 Spells                   Type           Power      Damage    Failure   Level
 Magic Dart               Conj           0%         1d3       36%         1
 Searing Ray              Conj           0%         3d3       52%         2
 Dazzling Flash           Conj/Hex       0%         N/A       75%         3
 Fulminant Prism          Conj/Hex       0%         3d6       98%         4
 Iskenderun's Mystic Bla  Conj/Tloc      0%         2d3       98%         4


Dungeon Overview and Level Annotations

Branches:
Dungeon (3/15)

Altars:

Shops:
D:2 :

Annotations:
D:3 3 runed translucent doors, kae's ghost, weakling DsGl


Innate Abilities, Weirdness & Mutations

You cannot be hasted, slowed, berserked, paralysed or teleported.
You can dig through walls and to a lower floor.
You have a pair of large antennae on your head. (SInv)
Your four strong arms can wield two-handed weapons with a shield.


Message History

The ball python closely misses you. The ball python constricts you.
You slash the ball python!
You kill the ball python!
Lugonu accepts your kill.
You feel very sick. The orc wizard barely misses you.
Your Invocations skill increases to level 3!
You feel sick.
An endoplasm comes into view.
The orc wizard casts a spell at you. You resist with some effort.
You feel sick.
The endoplasm quivers.
The orc wizard hits you with a +1 dagger of venom.
You are more poisoned.
You barely miss the orc wizard.
The orc wizard is moderately wounded.
You feel very sick.
The orc wizard hits you with a +1 dagger of venom.
You hit the orc wizard.
The orc wizard is severely wounded.
You feel very sick.
The orc wizard hits you with a +1 dagger of venom.
* * * LOW HITPOINT WARNING * * *
You are more poisoned.
The endoplasm hits you.
* * * LOW HITPOINT WARNING * * *
The orc wizard barely misses you.
You riposte.
You closely miss the orc wizard.
The orc wizard is severely wounded.
You hit the endoplasm.
The endoplasm is almost dead.
* * * LOW HITPOINT WARNING * * *
You feel very sick. The endoplasm misses you.
The orc wizard points at you and mumbles some strange words.
The magic dart hits you.
* * * LOW HITPOINT WARNING * * *
You barely miss the orc wizard.
The orc wizard is severely wounded.
You die...

. .## ... #.# { ... {
..# #.# ...# #..# #.#
#..# ##..#.#J# #..#
...#{#@# #..# #..#.#o#
#..# #..#.#o#
#..########..#.#o####.##
................r......<
....†...†).......####...
#.#####.###.............
#######.# #..#.#.####...
.....##.# #..#)#.#


You could see an orc wizard (invisible), 2 orcs, an endoplasm and a quokka.

Vanquished Creatures
  An orc priest (D:1)
  An adder (D:3)
  A worm (D:2)
  2 dart slugs (D:2)
  5 orcs
  3 endoplasms (D:2)
  3 giant cockroaches
  7 goblins
  A hobgoblin (D:2)
  5 kobolds
  2 quokkas
  6 ball pythons
  3 bats (D:2)
  4 frilled lizards
  3 rats
47 creatures vanquished.

Notes
Turn   | Place    | Note
-------+----------+-------------------------------------------
     0 | Abyss:1  | kae the Formicid Abyssal Knight began the quest for the
                  | Orb.
     0 | Abyss:1  | Reached XP level 1. HP: 18/18 MP: 2/2
   101 | Abyss:1  | Noticed a spatial vortex
   102 | D:1      | Escaped the Abyss
   275 | D:1      | Reached * piety under Lugonu
   520 | D:1      | Reached skill level 1 in Dodging
   522 | D:1      | Reached XP level 2. HP: 24/24 MP: 3/3
  1000 | D:2      | Reached XP level 3. HP: 28/29 MP: 4/4
  1005 | D:2      | Found Rackyl's Book Boutique.
  1088 | D:2      | HP: 1/29 [orc/+0 short sword (4)]
  1147 | D:1      | Reached XP level 4. HP: 21/37 MP: 4/6
  2026 | D:3      | Found a runed translucent gate.
  2027 | D:3      | Found a runed translucent gate.
  2027 | D:3      | Found a runed translucent gate.
  2029 | D:3      | Noticed kae's ghost (weakling DsGl)
  2042 | D:3      | Reached ** piety under Lugonu
  2086 | D:3      | Reached XP level 5. HP: 26/42 MP: 7/7
  2106 | D:3      | Succumbed to an orc wizard's poison

Illustrated notes

Levels and vault maps discovered:
D:1:      co_arrival_square_in_a_square_in_a_square, layout_basic, st_stairs_5,
          minmay_tetromino_o4
D:2:      layout_basic, serial_shops, shop, grunt_ministairs_7,
          dk_noncrumbling_2
D:3:      layout_basic, gammafunk_ghost_necromancy, serial_shops,
          nicolae_shop_competitors_out_of_business, kennysheep_generic_room_3

Skill      XL: |  1  2  3  4  5 |
---------------+----------------+-----
Dodging        | 1 |  1.7
Long Blades    | 3 |  3.1
Invocations    | 3 |  3.0
Fighting       | |  3.8
Armour         | |  2.9

Action                   |  1- 3 |  4- 6 || total
-------------------------+-------+-------++-------
Melee: Falchion          |    65 |    62 ||   127
Invok: Depart the Abyss  |     1 |       ||     1
  Use: Scroll            |     5 |     3 ||     8
       Potion            |     1 |       ||     1
 Stab: Sleeping          |     1 |       ||     1
Armor: Leather armour    |    24 |    14 ||    38
Dodge: Dodged            |    49 |    45 ||    94
       Rpst.: Falchion   |    18 |    14 ||    32

Table legend: (Time is in decaauts)
 A = Elapsed time spent in this place.
 B = Non-inter-level travel time spent in this place.
 C = Inter-level travel time spent in this place.
 D = Time resting spent in this place.
 E = Time spent auto-exploring this place.
 F = Levels seen in this place.
 G = Mean time per level.
                   A        B        C        D        E       F      G
               +--------+--------+--------+--------+--------+-----+--------+
         Total |   2129 |   2051 |     78 |      0 |   1655 |   4 |  532.2 |
       Dungeon |   2027 |   1949 |     78 |      0 |   1558 |   3 |  675.7 |
         Abyss |    102 |    102 |      0 |      0 |     97 |   1 |  102.0 |
               +--------+--------+--------+--------+--------+-----+--------+

Top non-repeatable levels by time:
     D:1: 978 daAuts
     D:2: 936 daAuts
     D:3: 112 daAuts
 Abyss:1: 102 daAuts
